 Dungeon Crawl Stone Soup version 0.26.0-10-g1f06aea511 (webtiles) character file.

Game seed: 7098023912963075156

49 Borgoz the Skirmisher (level 3, -3/36 HPs)
             Began as a Gargoyle Berserker on Jan 18, 2021.
             Was a Believer of Trog.
             Slain by an adder (4 damage)
             ... on level 2 of the Dungeon.
             The game lasted 00:01:36 (1984 turns).

Borgoz the Skirmisher (Gargoyle Berserker)          Turns: 1984, Time: 00:01:37

Health: -3/36      AC:  5    Str: 20    XL:     3   Next: 77%
Magic:  3/3        EV: 12    Int:  7    God:    Trog [**....]
Gold:   67         SH:  0    Dex: 10    Spells: 2/2 levels left

rFire    . . .     SeeInvis .   a - +0 falchion
rCold    . . .     Faith    .   (no shield)
rNeg     + . .     Spirit   .   b - +0 animal skin
rPois    ∞         Reflect  .   (no helmet)
rElec    +         Harm     .   (no cloak)
rCorr    .         Rampage  .   (no gloves)
Will     .....                  (no boots)
Stlth    ..........             (no amulet)
HPRegen  0.12/turn              (no ring)
MPRegen  0.08/turn              (no ring)

@: berserking (expiring), very quick
A: negative energy resistance 1, electricity resistance, unbreathing,
petrification resistance, miasma immunity, AC +3
a: Renounce Religion, Berserk, Trog's Hand


You were on level 2 of the Dungeon.
You worshipped Trog.
Trog was pleased with you.
You visited 1 branch of the dungeon, and saw 2 of its levels.

You collected 67 gold pieces.

Inventory:

Hand Weapons
 a - a +0 falchion (weapon)
Armour
 b - a +0 animal skin (worn)
Jewellery
 g - an uncursed ring of willpower {unknown}
Scrolls
 c - a scroll of identify {unknown}
 d - a scroll of fog {unknown}
 e - 2 scrolls of teleportation {unknown}
Potions
 f - a potion of ambrosia {unknown}


   Skills:
 + Level 3.8 Fighting
 + Level 3.1 Long Blades
 + Level 2.9 Armour
 + Level 2.1 Dodging


You had 2 spell levels left.
You didn't know any spells.
Your spell library was empty.

Dungeon Overview and Level Annotations

Branches:
Dungeon (2/15)

Altars:


Innate Abilities, Weirdness & Mutations

You are resistant to torment.
Your stone body is resilient. (AC +3)
You are immune to poison.
You resist negative energy. (rN+)
You are resistant to electric shocks. (rElec)
You can survive without breathing.
You are immune to petrification.
You are immune to miasma.


Message History

You completely miss the adder. The adder barely misses you.
The centaur skeleton hits you.
* * * LOW HITPOINT WARNING * * *
You miss the adder. The adder bites you but does no damage.
The centaur skeleton hits you but does no damage.
You slash the adder!
The adder is almost dead.
The centaur skeleton misses you. The adder bites you.
* * * LOW HITPOINT WARNING * * *
You barely miss the adder.
The adder is almost dead.
The centaur skeleton hits you.
* * * LOW HITPOINT WARNING * * *
The adder bites you.
* * * LOW HITPOINT WARNING * * *
You slash the centaur skeleton!
You destroy the centaur skeleton!
Trog accepts your kill. The adder bites you.
You die...

.## .# ....# ## #....#
# ......# .#.......##
#######..........#####
.......# ............#
.#####.# #........?..#
.......###.....S@....#
..........##.##.$....#
.......#.# ##...).#
.##.#..#.# #.....#
.......#.## ##.....#
###.#.....## ##.######
# #.##.#†..###.## #
#.##.#..#....#
#..........#.#


You could see an adder.

Vanquished Creatures
  A centaur skeleton (D:2)
  A gnoll (D:1)
  An ooze (D:1)
  A dart slug (D:1)
  A leopard gecko (D:1)
  A ball python (D:1)
  3 bats
  2 goblins
  4 hobgoblins (D:1)
  4 jackals (D:1)
  A quokka (D:2)
  2 frilled lizards (D:1)
  2 kobolds
  10 rats
34 creatures vanquished.

Notes
Turn   | Place    | Note
-------+----------+-------------------------------------------
     0 | D:1      | Borgoz the Gargoyle Berserker began the quest for the Orb.
     0 | D:1      | Reached XP level 1. HP: 14/14 MP: 1/1
   390 | D:1      | Reached XP level 2. HP: 14/19 MP: 2/2
  1009 | D:1      | Reached XP level 3. HP: 20/23 MP: 3/3
  1954 | D:2      | Reached ** piety under Trog
  1983 | D:2      | HP: 1/36 [adder (2)]
  1984 | D:2      | Slain by an adder

Illustrated notes

Levels and vault maps discovered:
D:1:      amcnicky_arrival_abandoned_market, layout_basic
D:2:      layout_loops_cross, nicolae_ashenzari_panopticon

Skill      XL: |  1  2  3 |
---------------+----------+-----
Long Blades    | 3 |  3.1
Dodging        | 2 |  2.1
Fighting       | |  3.8
Armour         | |  2.9

Action                   || total
-------------------------++-------
Melee: Falchion          ||   106
Invok: Berserk           ||     2
Armor: Animal skin       ||    30
Dodge: Dodged            ||    87
       Rpst.: Falchion   ||    29
